Map: Efflorescence LE

Players

Zin - Winner!

  • Race: Protoss Protoss
  • Spawn Location: 12:00

MikkelRev - Winner!

  • Race: Protoss Protoss
  • Spawn Location: 3:00

VOD

Have the link to the VOD?

Description

Time

  • Played on: April 24, 2020, 2:43 p.m.
  • Length: 19:52
Show
View Real Time Build Order
Export as new Build Order

Zin Protoss - Winner!

Build Orders:  

Get SALT Encoding   

  1  0:00  Probe (Chrono Boost)  
  13  0:10  Probe (Chrono Boost)  
  14  0:26  Pylon  
  14  0:33  Probe (Chrono Boost)  
  15  0:53  Probe (Chrono Boost)  
  15  0:54  Gateway  
  16  1:07  Assimilator  
  17  1:10  Probe (Chrono Boost)  
  17  1:15  Assimilator  
  17  1:27  Probe (Chrono Boost)  
  18  1:38  Gateway  
  18  1:41  Probe (Chrono Boost)  
  19  1:53  Probe (Chrono Boost)  
  20  2:03  Cybernetics Core  
  20  2:04  Probe (Chrono Boost)  
  21  2:17  Pylon  
  21  2:25  Probe (Chrono Boost)  
  23  2:42  Probe (Chrono Boost)  
  23  2:54  Stalker  
  23  2:57  Stalker  
  23  2:58  Probe (Chrono Boost)  
  28  3:15  Pylon  
  28  3:17  Probe  
  29  3:34  Probe  
  30  3:40  Stalker  
  30  3:43  Stalker  
  34  3:59  Pylon  
  34  4:00  Probe  
  35  4:17  Probe, Warp Gate (Chrono Boost)  
  36  4:34  Nexus  
  36  4:43  Probe  
  37  4:50  Robotics Facility  
  37  5:00  Probe  
  37  5:09  Gateway  
  38  5:17  Probe  
  39  5:34  Probe  
  40  5:49  Observer (Chrono Boost)  
  40  5:51  Probe  
  40  5:52  Stalker x2  
  46  6:08  Probe  
  47  6:10  Pylon  
  47  6:13  Gateway  
  47  6:24  Probe (Chrono Boost)  
  47  6:28  Probe (Chrono Boost)  
  47  6:29  Immortal (Chrono Boost)  
  53  6:40  Probe (Chrono Boost)  
  53  6:41  Probe (Chrono Boost)  
  55  6:51  Assimilator  
  55  6:54  Assimilator  
  55  7:00  Robotics Bay  
  55  7:03  Probe (Chrono Boost)  
  55  7:05  Probe (Chrono Boost)  
  53  7:30  Stalker  
  53  7:31  Stalker x3  
  53  7:36  Probe x2 (Chrono Boost)  
  63  7:47  Probe (Chrono Boost)  
  63  7:53  Probe (Chrono Boost)  
  65  8:05  Probe (Chrono Boost)  
  67  8:10  Probe (Chrono Boost)  
  67  8:22  Pylon x2  
  67  8:31  Stalker  
  69  8:44  Colossus (Chrono Boost)  
  73  8:51  Stalker  
  73  8:56  Extended Thermal Lance  
  73  8:58  Stalker  
  77  9:01  Nexus  
  77  9:07  Stalker  
  77  9:21  Forge  
  77  9:26  Probe x2, Pylon  
  77  9:37  Stalker x2  
  81  9:43  Probe x2  
  83  9:52  Colossus (Chrono Boost)  
  61  10:00  Probe x2  
  91  10:12  Photon Cannon  
  91  10:15  Photon Cannon  
  91  10:18  Probe x2  
  93  10:35  Probe  
  93  10:36  Probe  
  93  10:38  Protoss Ground Weapons Level 1 (Chrono Boost)  
  93  10:43  Twilight Council  
  93  10:45  Probe  
  92  10:52  Probe  
  93  11:04  Stalker  
  93  11:05  Stalker x2  
  99  11:12  Colossus (Chrono Boost)  
  99  11:19  Stalker  
  101  11:26  Probe (Chrono Boost)  
  101  11:29  Probe (Chrono Boost)  
  108  11:42  Probe (Chrono Boost)  
  108  11:47  Probe (Chrono Boost), Assimilator  
  108  11:49  Probe (Chrono Boost), Pylon  
  107  11:50  Photon Cannon, Pylon  
  107  11:53  Assimilator  
  107  11:58  Probe (Chrono Boost)  
  107  12:02  Probe (Chrono Boost)  
  107  12:04  Probe (Chrono Boost)  
  109  12:18  Stalker x3  
  107  12:42  Stalker  
  107  12:43  Colossus (Chrono Boost)  
  115  12:56  Probe x2  
  115  12:57  Probe  
  118  13:01  Nexus  
  118  13:07  Charge, Pylon  
  118  13:13  Probe x2  
  118  13:14  Probe  
  81  13:20  Protoss Shields Level 1 (Chrono Boost)  
  121  13:30  Pylon  
  121  13:33  Gateway x3  
  121  13:39  Probe (Chrono Boost)  
  121  13:40  Probe (Chrono Boost)  
  121  13:45  Probe (Chrono Boost)  
  124  13:59  Templar Archives  
  124  14:15  Pylon  
  124  14:18  Photon Cannon  
  124  14:20  Photon Cannon, Stalker  
  124  14:21  Stalker x2  
  124  14:23  Pylon  
  124  14:29  Gateway  
  130  14:31  Photon Cannon  
  130  14:33  Probe (Chrono Boost)  
  130  14:34  Probe x2 (Chrono Boost)  
  133  14:40  Colossus  
  133  14:44  Probe (Chrono Boost)  
  133  14:47  Probe (Chrono Boost)  
  141  14:51  Probe (Chrono Boost)  
  141  14:52  Probe (Chrono Boost)  
  144  15:01  Probe (Chrono Boost)  
  144  15:06  Zealot x4  
  144  15:07  Zealot  
  144  15:08  Zealot  
  144  15:09  Probe (Chrono Boost)  
  156  15:13  Probe x2 (Chrono Boost)  
  156  15:19  Assimilator  
  159  15:22  Assimilator  
  159  15:25  Photon Cannon  
  159  15:29  Photon Cannon  
  159  15:47  Stalker x2  
  159  15:48  Stalker x2  
  167  15:55  Warp Prism  
  169  16:19  Probe x2  
  171  16:21  Protoss Ground Weapons Level 2 (Chrono Boost), Pylon  
  171  16:22  Nexus  
  171  16:30  Assimilator  
  171  16:35  Assimilator  
  171  16:44  Gateway  
  171  16:49  Gateway  
  170  16:50  Pylon  
  170  16:51  Gateway  
  170  16:53  Pylon x2  
  170  16:59  Pylon  
  170  17:01  Colossus (Chrono Boost)  
  170  17:06  Unknown  
  170  17:09  Psionic Storm  
  170  17:13  Blink (Chrono Boost)  
  170  17:27  Probe x3  
  170  17:28  Probe, Gravitic Boosters (Chrono Boost)  
  168  17:34  Unknown  
  168  17:43  Unknown  
  168  18:04  Zealot x2  
  168  18:05  Zealot x4  
  168  18:06  Zealot x3  
  168  18:07  Zealot  
  184  18:15  High Templar  
  184  18:29  Gateway  
  184  18:30  Gateway  
  184  18:40  High Templar x5  
  184  18:41  High Templar x3  
  184  18:45  Archon  
  184  18:46  Archon x3, Gateway x2  
  184  18:47  Gateway  
  184  18:48  Gateway  
  184  18:49  Gateway  
  200  18:50  Gateway  
  200  19:40  Nexus  
Show
View Real Time Build Order
Export as new Build Order

MikkelRev Protoss - Winner!

Build Orders:  

Get SALT Encoding   

  12  0:04  Probe (Chrono Boost)  
  13  0:15  Probe (Chrono Boost)  
  14  0:27  Probe (Chrono Boost)  
  15  0:40  Pylon  
  15  1:07  Gateway  
  15  1:08  Probe (Chrono Boost)  
  16  1:24  Assimilator, Probe (Chrono Boost)  
  17  1:37  Assimilator  
  18  1:41  Probe (Chrono Boost)  
  18  1:57  Gateway  
  18  1:58  Probe (Chrono Boost)  
  19  2:15  Probe (Chrono Boost)  
  20  2:22  Cybernetics Core  
  20  2:32  Probe (Chrono Boost)  
  20  2:33  Pylon  
  21  2:49  Probe (Chrono Boost)  
  22  2:53  Pylon  
  22  3:06  Probe (Chrono Boost)  
  23  4:06  Nexus  
  23  4:12  Robotics Facility  
  23  4:27  Pylon  
  23  4:31  Gateway  
  23  4:43  Pylon  
  23  4:54  Assimilator  
  23  5:00  Assimilator  
  23  5:04  Warp Gate  
  23  5:12  Gateway  
  23  5:35  Observer  
  24  5:50  Robotics Bay  
  24  5:52  Stalker  
  24  5:58  Stalker  
  30  6:50  Probe (Chrono Boost)  
  30  6:51  Probe (Chrono Boost)  
  30  6:55  Stalker  
  32  7:07  Probe (Chrono Boost)  
  32  7:08  Probe (Chrono Boost)  
  34  7:24  Probe x2 (Chrono Boost)  
  36  7:49  Forge  
  36  7:56  Extended Thermal Lance  
  36  8:06  Probe x2 (Chrono Boost)  
  38  8:11  Stalker  
  38  8:12  Stalker  
  42  8:23  Probe x2 (Chrono Boost)  
  46  8:40  Probe x2 (Chrono Boost)  
  44  8:57  Probe x2 (Chrono Boost), Stalker x2  
  41  9:14  Probe (Chrono Boost)  
  41  9:15  Stalker  
  44  9:33  Probe x2 (Chrono Boost)  
  44  9:36  Stalker  
  50  9:50  Probe x2 (Chrono Boost)  
  50  10:07  Probe (Chrono Boost)  
  51  10:24  Probe x2 (Chrono Boost)  
  51  10:26  Stalker  
  51  10:27  Nexus  
  57  10:41  Probe x2 (Chrono Boost)  
  57  10:55  Pylon  
  57  10:57  Pylon  
  57  10:58  Probe (Chrono Boost)  
  58  11:01  Pylon  
  58  11:09  Pylon  
  58  11:12  Pylon  
  58  11:26  Stalker  
  58  11:27  Stalker x2  
  64  11:39  Protoss Ground Armor Level 1  
  64  11:54  Gateway  
  64  11:56  Gateway  
  64  12:01  Gateway  
  64  12:06  Gateway  
  64  12:11  Pylon  
  64  12:14  Pylon  
  64  12:37  Assimilator  
  64  12:43  Assimilator  
  64  12:44  Probe (Chrono Boost)  
  64  12:45  Probe x2 (Chrono Boost)  
  64  12:49  Stalker  
  69  12:50  Stalker x3  
  78  13:01  Probe (Chrono Boost)  
  78  13:02  Probe x2 (Chrono Boost)  
  78  13:05  Immortal  
  82  13:50  Gateway  
  82  13:52  Gateway  
  82  13:54  Gateway  
  82  14:00  Colossus  
  88  14:16  Stalker, Twilight Council  
  88  14:17  Stalker  
  92  14:37  Probe x3 (Chrono Boost)  
  95  14:40  Stalker x2  
  95  14:41  Stalker x2  
  95  14:42  Stalker  
  105  14:54  Probe x3 (Chrono Boost)  
  107  15:11  Probe x3 (Chrono Boost)  
  107  15:25  Stalker  
  107  15:28  Probe x3 (Chrono Boost)  
  108  15:45  Probe x2 (Chrono Boost)  
  108  15:48  Probe (Chrono Boost)  
  113  16:02  Probe x2 (Chrono Boost)  
  113  16:05  Probe (Chrono Boost)  
  114  16:21  Stalker  
  114  16:22  Stalker x3  
  114  16:23  Stalker x3  
  114  16:24  Stalker  
  114  16:27  Colossus  
  114  16:28  Charge  
  139  17:11  Probe x2 (Chrono Boost)  
  139  17:12  Probe (Chrono Boost)  
  139  17:14  Stalker  
  141  17:37  Pylon x2  
  141  17:40  Pylon  
  141  17:42  Pylon x2  
  141  17:44  Pylon  
  141  17:47  Pylon  
  141  17:49  Probe (Chrono Boost)  
  141  17:50  Pylon  
  141  17:55  Forge, Pylon  
  141  17:57  Pylon  
  141  17:59  Pylon  
  141  18:02  Colossus  
  141  18:04  Probe x2 (Chrono Boost)  
  149  18:17  Robotics Facility  
  149  19:25  Probe x3 (Chrono Boost)  
  152  19:33  Stalker x2  
  152  19:34  Stalker x3  
  152  19:35  Stalker x3  
Tags
 
Add a new tag
Caveats
  • Supply blocks, unpowered buildings, or Contaminate may cause inaccurate times.
  • Supply counts are checked every 10 seconds.